TOP OF THE 1ST |
Maui Tropics batting - Pitching for Hendersonville Hitmen : RHP Júlio Torres
|
Pitching: RHP Júlio Torres
|
|
Batting: LHB Warren Potter
|
0-0: Ball 1-0: Foul Ball, location: 2F 1-1: Foul Ball, location: 2F 1-2: Foul Ball, location: 2F 1-2: Fly out, F9 (Flyball, 9LM)
|
Batting: LHB Dave Cook
|
0-0: Ball 1-0: Foul Ball, location: 2F 1-1: Ball 2-1: Called Strike 2-2: Ball 3-2: SINGLE (Line Drive, 7LS)
|
Batting: RHB Jesús Espinoza
|
0-0: Ball 1-0: Ball 2-0: Ball 3-0: Called Strike 3-1: Swinging Strike 3-2: Foul Ball, location: 2F 3-2: Fly out, F9 (Flyball, 89D)
|
Batting: RHB Luis Alou
|
0-0: Ball Wild Pitch! Dave Cook to second 1-0: Ball 2-0: Called Strike 2-1: SINGLE (Groundball, 6MD) Dave Cook to third Runner from 3rd tries for Home, SAFE, no throw
|
Batting: LHB Luis Antonio Torres
|
0-0: Ball 1-0: Fly out, F8 (Line Drive, 8LD)
|
Top of the 1st over - 1 run, 2 hits, 0 errors, 1 left on base; Maui 1 - Hendersonville 0 |
BOTTOM OF THE 1ST |
Hendersonville Hitmen batting - Pitching for Maui Tropics : LHP Jerry Martin
|
Pitching: LHP Jerry Martin
|
|
Batting: SHB Félix Montoya
|
0-0: Ground out 4-3 (Groundball, 4MD)
|
Batting: SHB Rick Turner
|
0-0: Called Strike 0-1: Ground out 1-3 (Groundball, 15)
|
Batting: LHB Robert Phillips
|
0-0: Ball 1-0: Ball 2-0: Called Strike 2-1: Ball 3-1: Base on Balls
|
Batting: RHB Felipe Jareńo
|
0-0: Ball 1-0: SINGLE (Line Drive, 6M) Robert Phillips to second
|
Batting: LHB Pedro Rodríguez
|
0-0: Swinging Strike 0-1: Foul Ball, location: 2F 0-2: Strikes out swinging
|
Bottom of the 1st over - 0 runs, 1 hit, 0 errors, 2 left on base; Maui 1 - Hendersonville 0 |
TOP OF THE 2ND |
Maui Tropics batting - Pitching for Hendersonville Hitmen : RHP Júlio Torres
|
Batting: RHB José Rodríguez
|
0-0: Ground out 6-3 (Groundball, 56)
|
Batting: RHB Michael Woodruff
|
0-0: Called Strike 0-1: Swinging Strike 0-2: Foul Ball, location: 2F 0-2: Ball 1-2: Foul Ball, location: 2F 1-2: Strikes out swinging
|
Batting: RHB Matt Silver
|
0-0: Called Strike 0-1: Foul Ball, location: 2F 0-2: Foul Ball, location: 2F 0-2: Ball 1-2: Ball 2-2: Ball 3-2: Strikes out swinging
|
Top of the 2nd over - 0 runs, 0 hits, 0 errors, 0 left on base; Maui 1 - Hendersonville 0 |
BOTTOM OF THE 2ND |
Hendersonville Hitmen batting - Pitching for Maui Tropics : LHP Jerry Martin
|
Batting: RHB Ron Glass
|
0-0: Ball 1-0: Foul Ball, location: 2F 1-1: Ball 2-1: Called Strike 2-2: Foul Ball, location: 2F 2-2: Ball 3-2: Strikes out looking
|
Batting: LHB Tommy Payne
|
0-0: Foul Ball, location: 2F 0-1: Ground out 4-3 (Groundball, 4M)
|
Batting: LHB Milo Glenn
|
0-0: Ball 1-0: Foul Ball, location: 2F 1-1: SINGLE (Line Drive, 4M)
|
Batting: SHB José Estreito
|
0-0: Called Strike 0-1: Ball 1-1: Ball 2-1: Called Strike 2-2: Fly out, F9 (Flyball, 9D)
|
Bottom of the 2nd over - 0 runs, 1 hit, 0 errors, 1 left on base; Maui 1 - Hendersonville 0 |
TOP OF THE 3RD |
Maui Tropics batting - Pitching for Hendersonville Hitmen : RHP Júlio Torres
|
Batting: RHB John Brown
|
0-0: Foul Ball, location: 2F 0-1: Fly out, F9 (Flyball, 9LD)
|
Batting: LHB Warren Potter
|
0-0: Ground out 5-3 (Groundball, 56S)
|
Batting: LHB Dave Cook
|
0-0: Ball 1-0: Called Strike 1-1: Called Strike 1-2: Strikes out swinging
|
Top of the 3rd over - 0 runs, 0 hits, 0 errors, 0 left on base; Maui 1 - Hendersonville 0 |
BOTTOM OF THE 3RD |
Hendersonville Hitmen batting - Pitching for Maui Tropics : LHP Jerry Martin
|
Batting: SHB Félix Montoya
|
0-0: Ball 1-0: SINGLE (Line Drive, 56)
|
Batting: SHB Rick Turner
|
0-0: Ball 1-0: Ball 2-0: Called Strike 2-1: Ground out 5-3 (Groundball, 56S) Félix Montoya to second
|
Batting: LHB Robert Phillips
|
0-0: Ball Félix Montoya is caught stealing 3rd base 1-0: Ground out 4-3 (Groundball, 4)
|
Bottom of the 3rd over - 0 runs, 1 hit, 0 errors, 0 left on base; Maui 1 - Hendersonville 0 |
TOP OF THE 4TH |
Maui Tropics batting - Pitching for Hendersonville Hitmen : RHP Júlio Torres
|
Batting: RHB Jesús Espinoza
|
0-0: Ball 1-0: Called Strike 1-1: SINGLE (Flyball, 89S)
|
Batting: RHB Luis Alou
|
0-0: Foul Ball, location: 2F 0-1: Foul Ball, location: 2F 0-2: Ball 1-2: Ball 2-2: Fly out, F9 (Flyball, 89D)
|
Batting: LHB Luis Antonio Torres
|
0-0: Ball 1-0: Ball 2-0: Called Strike 2-1: Ball 3-1: Swinging Strike 3-2: Fly out, F5 (Popup, 56S)
|
Batting: RHB José Rodríguez
|
0-0: Called Strike 0-1: Swinging Strike 0-2: Ball 1-2: Ball 2-2: Foul Ball, location: 2F 2-2: Fly out, F7 (Line Drive, 7)
|
Top of the 4th over - 0 runs, 1 hit, 0 errors, 1 left on base; Maui 1 - Hendersonville 0 |
BOTTOM OF THE 4TH |
Hendersonville Hitmen batting - Pitching for Maui Tropics : LHP Jerry Martin
|
Batting: RHB Felipe Jareńo
|
0-0: Foul Ball, location: 2F 0-1: Ball 1-1: Foul Ball, location: 2F 1-2: Foul Ball, location: 2F 1-2: Ball 2-2: Ball 3-2: Foul Ball, location: 2F 3-2: Ground out 4-3 (Groundball, 4)
|
Batting: LHB Pedro Rodríguez
|
0-0: Fly out, F7 (Flyball, 7LS)
|
Batting: RHB Ron Glass
|
0-0: Called Strike 0-1: Ball 1-1: Called Strike 1-2: Strikes out swinging
|
Bottom of the 4th over - 0 runs, 0 hits, 0 errors, 0 left on base; Maui 1 - Hendersonville 0 |
TOP OF THE 5TH |
Maui Tropics batting - Pitching for Hendersonville Hitmen : RHP Júlio Torres
|
Batting: RHB Michael Woodruff
|
0-0: Ball 1-0: Ball 2-0: Ball 3-0: Called Strike 3-1: Fly out, F8 (Flyball, 8RS)
|
Batting: RHB Matt Silver
|
0-0: Ball 1-0: Foul Ball, location: 2F 1-1: Ball 2-1: Ball 3-1: Base on Balls
|
Batting: RHB John Brown
|
0-0: Called Strike 0-1: Ball Matt Silver is caught stealing 2nd base 1-1: Foul Ball, location: 2F 1-2: Ball 2-2: Strikes out swinging
|
Top of the 5th over - 0 runs, 0 hits, 0 errors, 0 left on base; Maui 1 - Hendersonville 0 |
BOTTOM OF THE 5TH |
Hendersonville Hitmen batting - Pitching for Maui Tropics : LHP Jerry Martin
|
Batting: LHB Tommy Payne
|
0-0: Foul Ball, location: 2F 0-1: Ball 1-1: Ball 2-1: Called Strike 2-2: Strikes out looking
|
Batting: LHB Milo Glenn
|
0-0: Called Strike 0-1: Swinging Strike 0-2: Ball 1-2: Strikes out swinging
|
Batting: SHB José Estreito
|
0-0: Ball 1-0: Ball 2-0: Ball 3-0: Called Strike 3-1: Base on Balls
|
Batting: SHB Félix Montoya
|
0-0: Ball 1-0: Ground out 5-3 (Groundball, 56)
|
Bottom of the 5th over - 0 runs, 0 hits, 0 errors, 1 left on base; Maui 1 - Hendersonville 0 |
TOP OF THE 6TH |
Maui Tropics batting - Pitching for Hendersonville Hitmen : RHP Júlio Torres
|
Batting: LHB Warren Potter
|
0-0: Ground out 4-3 (Groundball, 4)
|
Batting: LHB Dave Cook
|
0-0: Foul Ball, location: 2F 0-1: Ball 1-1: Ball 2-1: SINGLE (Popup, 4D)
|
Batting: RHB Jesús Espinoza
|
0-0: Foul Ball, location: 2F 0-1: Swinging Strike 0-2: Ball 1-2: Fly out, F4 (Line Drive, 34)
|
Batting: RHB Luis Alou
|
0-0: Foul Ball, location: 2F 0-1: Foul Ball, location: 2F 0-2: Fielders Choice at 2nd, 6-4 (Groundball, 6)
|
Top of the 6th over - 0 runs, 1 hit, 0 errors, 1 left on base; Maui 1 - Hendersonville 0 |
BOTTOM OF THE 6TH |
Hendersonville Hitmen batting - Pitching for Maui Tropics : LHP Jerry Martin
|
Batting: SHB Rick Turner
|
0-0: Called Strike 0-1: Called Strike 0-2: Ball 1-2: Ball 2-2: Foul Ball, location: 2F 2-2: Fly out, F4 (Popup, 23)
|
Batting: LHB Robert Phillips
|
0-0: Fly out, F4 (Line Drive, 4)
|
Batting: RHB Felipe Jareńo
|
0-0: Ball 1-0: Swinging Strike 1-1: Swinging Strike 1-2: Fly out, F5 (Line Drive, 5)
|
Bottom of the 6th over - 0 runs, 0 hits, 0 errors, 0 left on base; Maui 1 - Hendersonville 0 |
TOP OF THE 7TH |
Maui Tropics batting - Pitching for Hendersonville Hitmen : RHP Júlio Torres
|
Pitching: RHP Tony Murillo
|
|
Batting: LHB Luis Antonio Torres
|
0-0: Called Strike 0-1: SINGLE (Groundball, 6MD)
|
Pinch Hitting: LHB Ernesto López
|
0-0: Bunted foul 0-1: Bunted foul 0-2: Strikes out swinging
|
Batting: RHB Michael Woodruff
|
0-0: Grounds into double play, 4-6-3 (Groundball, 4M)
|
Top of the 7th over - 0 runs, 1 hit, 0 errors, 0 left on base; Maui 1 - Hendersonville 0 |
BOTTOM OF THE 7TH |
Hendersonville Hitmen batting - Pitching for Maui Tropics : LHP Jerry Martin
|
Now in RF: Ernesto López
|
|
Batting: LHB Pedro Rodríguez
|
0-0: Ball 1-0: Called Strike 1-1: Swinging Strike 1-2: Strikes out swinging
|
Batting: RHB Ron Glass
|
0-0: Ball 1-0: Ground out 5-3 (Groundball, 56S)
|
Batting: LHB Tommy Payne
|
0-0: Ball 1-0: Swinging Strike 1-1: Ball 2-1: Ball 3-1: Ground out 4-3 (Groundball, 4)
|
Bottom of the 7th over - 0 runs, 0 hits, 0 errors, 0 left on base; Maui 1 - Hendersonville 0 |
TOP OF THE 8TH |
Maui Tropics batting - Pitching for Hendersonville Hitmen : RHP Tony Murillo
|
Batting: RHB Matt Silver
|
0-0: Ground out 5-3 (Groundball, 5L)
|
Batting: RHB John Brown
|
0-0: Foul Ball, location: 2F 0-1: SINGLE (Groundball, 34D)
|
Batting: LHB Warren Potter
|
0-0: Ball 1-0: Ball 2-0: Called Strike 2-1: Called Strike 2-2: Grounds into double play, 4-6-3 (Groundball, 34)
|
Top of the 8th over - 0 runs, 1 hit, 0 errors, 0 left on base; Maui 1 - Hendersonville 0 |
BOTTOM OF THE 8TH |
Hendersonville Hitmen batting - Pitching for Maui Tropics : LHP Jerry Martin
|
Batting: LHB Milo Glenn
|
0-0: Called Strike 0-1: Ball 1-1: Swinging Strike 1-2: Strikes out looking
|
Batting: SHB José Estreito
|
0-0: Called Strike 0-1: Ball 1-1: TRIPLE (Line Drive, 9LD)
|
Batting: SHB Félix Montoya
|
0-0: Ball 1-0: Foul Ball, location: 2F 1-1: Ball 2-1: Ball 3-1: Foul Ball, location: 2F 3-2: Base on Balls
|
Batting: SHB Rick Turner
|
0-0: Called Strike 0-1: Foul Ball, location: 2F 0-2: Grounds into double play, 4-6-3 (Groundball, 4)
|
Bottom of the 8th over - 0 runs, 1 hit, 0 errors, 1 left on base; Maui 1 - Hendersonville 0 |
TOP OF THE 9TH |
Maui Tropics batting - Pitching for Hendersonville Hitmen : RHP Tony Murillo
|
Batting: LHB Dave Cook
|
0-0: Ball 1-0: Ball 2-0: Foul Ball, location: 2F 2-1: Ball 3-1: Base on Balls
|
Batting: RHB Jesús Espinoza
|
0-0: Ball 1-0: Swinging Strike 1-1: Foul Ball, location: 2F 1-2: SINGLE (Groundball, 4MD) Dave Cook to second Runner from 2nd tries for 3rd, SAFE, no throw
|
Batting: RHB Luis Alou
|
0-0: SINGLE (Line Drive, 89S) Dave Cook scores Jesús Espinoza to second
|
Batting: LHB Luis Antonio Torres
|
0-0: Called Strike 0-1: Foul Ball, location: 2F 0-2: Fly out, F7 (Flyball, 7LD) Runner from 2nd tags up, SAFE at 3rd, no throw
|
Batting: LHB Ernesto López
|
0-0: Ball 1-0: Ball 2-0: SINGLE (Line Drive, 4) Jesús Espinoza scores Luis Alou to second
|
Pitching: RHP Matthew Scott
|
|
Batting: RHB Michael Woodruff
|
0-0: Swinging Strike 0-1: Ball 1-1: SINGLE (Line Drive, 8RS) Luis Alou to third Ernesto López to second
|
Batting: RHB Matt Silver
|
0-0: Ball 1-0: Ball 2-0: Called Strike 2-1: SINGLE (Groundball, 56D) Luis Alou scores Ernesto López to third Michael Woodruff to second Runner from 3rd tries for Home, SAFE, no throw
|
Batting: RHB John Brown
|
0-0: Foul Ball, location: 2F 0-1: Ground out 4-3 (Groundball, 4S) Michael Woodruff to third Matt Silver to second
|
Batting: LHB Warren Potter
|
0-0: Ball 1-0: Ball 2-0: Swinging Strike 2-1: SINGLE (Groundball, 4D) Michael Woodruff scores Matt Silver to third Runner from 3rd tries for Home, SAFE, no throw
|
Batting: LHB Dave Cook
|
0-0: Ball Warren Potter steals 2nd base 1-0: Foul Ball, location: 2F 1-1: Called Strike 1-2: SINGLE (Groundball, 34D) Warren Potter to third Runner from 3rd tries for Home, SAFE, no throw
|
Batting: RHB Jesús Espinoza
|
0-0: Ball 1-0: Swinging Strike 1-1: SINGLE (Line Drive, 5D) Dave Cook to second
|
Batting: RHB Luis Alou
|
0-0: Ball 1-0: Ball 2-0: Ground out 4-3 (Groundball, 4)
|
Top of the 9th over - 7 runs, 8 hits, 0 errors, 2 left on base; Maui 8 - Hendersonville 0 |
BOTTOM OF THE 9TH |
Hendersonville Hitmen batting - Pitching for Maui Tropics : LHP Jerry Martin
|
Batting: LHB Robert Phillips
|
0-0: Ball 1-0: Ball 2-0: Foul Ball, location: 2F 2-1: Called Strike 2-2: Ground out U3 (Groundball, 3)
|
Batting: RHB Felipe Jareńo
|
0-0: Called Strike 0-1: Ball 1-1: Called Strike 1-2: Strikes out swinging
|
Batting: LHB Pedro Rodríguez
|
0-0: Hit by Pitch
|
Batting: RHB Ron Glass
|
0-0: SINGLE (Flyball, 89S) Pedro Rodríguez to second
|
Batting: LHB Tommy Payne
|
0-0: Ball 1-0: Called Strike 1-1: Called Strike 1-2: Foul Ball, location: 2F 1-2: Ball 2-2: Strikes out looking
|
Bottom of the 9th over - 0 runs, 1 hit, 0 errors, 2 left on base; Maui 8 - Hendersonville 0 |
|